 Dungeon Crawl Stone Soup version 0.17.0-28-g6e173f8 (webtiles) character file.

1812 Ijustatesigmund the Covert (level 9, 0/43 HPs)
             Began as a Vine Stalker Monk on Nov 26, 2015.
             Slain by kraktruk's ghost (16 damage)
             ... on level 4 of the Dungeon.
             The game lasted 00:29:15 (5913 turns).

Ijustatesigmund the Covert (Vine Stalker Monk)      Turns: 5913, Time: 00:29:15

Health: 0/43       AC:  4    Str: 15    XL:     9   Next: 10%
Magic:  0/10       EV: 13    Int: 13    God:
Gold:   253        SH:  0    Dex: 16    Spells: 0 memorised, 8 levels left

rFire  + . .     SeeInvis +       - Unarmed
rCold  . . .     Clarity  .     a - +1 robe
rNeg   . . .     SustAt   .     (no shield)
rPois  .         Gourm    .     (no helmet)
rElec  .         Spirit   +     s - +0 cloak (curse)
rCorr  .         Warding  .     (no gloves)
rMut   .         Stasis   .     (no boots)
MR     +....                    (no amulet)
Stlth  ++........               u - ring of protection from fire
                                t - ring of see invisible

@: confused, somewhat resistant to hostile enchantments, unstealthy
A: fangs 3, regeneration 2, magic shield, antimagic bite, no device heal 3, rot
immunity
a: no special abilities


You were on level 4 of the Dungeon.
You were not hungry.

You visited 2 branches of the dungeon, and saw 7 of its levels.

You collected 253 gold pieces.

Inventory:

Hand Weapons
 k - a +2 blowgun
Missiles
 c - 7 needles of frenzy
 d - 49 poisoned needles
 r - 22 silver bolts
Armour
 a - a +1 robe (worn)
 q - a +3 ring mail
 s - a cursed +0 cloak (worn)
Jewellery
 j - an uncursed ring of protection from fire
 t - a ring of see invisible (left hand)
 u - a ring of protection from fire (right hand)
 v - an uncursed ring of protection from cold
 x - an uncursed ring of protection from cold
Wands
 n - a wand of fireball (13)
 C - a wand of frost (19)
 D - a wand of flame (13)
Scrolls
 e - 5 scrolls of amnesia
 h - 4 scrolls of remove curse
 y - a scroll of fog
Potions
 m - a potion of ambrosia
 o - 2 potions of mutation
 p - a potion of haste {unknown}
 w - a potion of lignification {unknown}
 B - a potion of curing
Books
 l - a book of Summonings

   Spells                             Type                      Level
   a - Recall                         Summoning/Translocation      3
   b - Aura of Abjuration             Summoning                    5
   c - Shadow Creatures               Summoning                    5
   d - Summon Demon                   Summoning                    5
   e - Summon Forest                  Summoning/Translocation      5
   f - Summon Mana Viper              Hexes/Summoning              5
Comestibles
 b - 5 bread rations
 f - a royal jelly
 g - a beef jerky
 i - 3 meat rations
 A - a slice of pizza
 F - 4 fruits


   Skills:
 - Level 2.6 Fighting
 + Level 5.3 Throwing
 - Level 2.4 Dodging
 + Level 9.2 Stealth
 + Level 8.1 Unarmed Combat


You had 8 spell levels left.
You didn't know any spells.

Dungeon Overview and Level Annotations

Branches:
Dungeon (6/15)             Temple (1/1) D:5

Altars:
Ashenzari
Elyvilon
Gozag
Okawaru
Qazlal
Sif Muna
Trog
Vehumet
Xom
Yredelemnul
Zin
The Shining One

Annotations:
D:4 kraktruk's ghost, amateur DECj


Innate Abilities, Weirdness & Mutations

You have razor-sharp teeth.
You heal very quickly.
When hurt, damage is shared between your health and your magic reserves.
Your bite disrupts and absorbs the magic of your enemies.
Potions and wands cannot restore your health.
You are immune to rotting.


Message History

You are confused.
You are too confused!
You are too confused!
You bump into the rock wall.
You hit kraktruk's ghost.
Kraktruk's ghost is moderately damaged.
You're too confused to move!
Kraktruk's ghost points at you and mumbles some strange words.
The spray of energy hits you!
You are more confused.
You miss kraktruk's ghost.
Kraktruk's ghost is moderately damaged.
Kraktruk's ghost gestures at you while chanting.
The spray of energy hits you!
You are more confused.
You hit kraktruk's ghost. Your bite misses kraktruk's ghost.
Kraktruk's ghost is moderately damaged.
Kraktruk's ghost hits you but does no damage.
You are electrocuted!
You die...

.###.......#.#.#.#
...##.....##.#.#.#
....##...#####.#.#
.##.###### #.#.#
.....)..# #.#.#
........# #.#.#
........######.#.#
........[......#.######
.....[.#########@#.>..#
.##'####......(W.#!##.#
.##.##....########.##.#
.##.##.............##.#
.##.##.....##########.#
..#.##.............##.#
..#.......########.##.#
....#.....#.....<#.##.#
.#..#.###.#.<......##.#


You could see kraktruk's ghost.

Vanquished Creatures
  A hippogriff (D:5)
  An ice beast (D:6)
  A sky beast (D:6)
  3 phantoms (D:6)
  3 ogres
  2 centaurs (D:6)
  2 giant frogs (D:6)
  A gnoll sergeant (D:5)
  2 scorpions (D:5)
  3 hounds
  Jessica (D:2)
  An iguana (D:5)
  3 orc wizards
  3 worker ants
  A gnoll (D:5)
  7 adders
  A shadow imp (D:5)
  2 adder zombies
  A worm (D:4)
  18 orcs
  2 ball pythons
  9 giant cockroaches
  13 hobgoblins
  5 jackals
  2 quokkas
  5 bats
  2 giant geckos
  6 giant newts
  5 goblins
  13 kobolds
  11 rats
130 creatures vanquished.

Vanquished Creatures (collateral kills)
  A gnoll shaman (D:5)
  7 gnolls (D:5)
8 creatures vanquished.

Vanquished Creatures (others)
  A centaur (D:6)
  An orc wizard (D:6)
  A worker ant (D:6)
  An orc (D:6)
4 creatures vanquished.

Grand Total: 142 creatures vanquished

Notes
Turn   | Place    | Note
--------------------------------------------------------------
     0 | D:1      | Ijustatesigmund the Vine Stalker Monk began the quest for the Orb.
     0 | D:1      | Reached XP level 1. HP: 11/11 MP: 2/2
   150 | D:1      | Reached XP level 2. HP: 16/16 MP: 3/3
   665 | D:1      | Reached XP level 3. HP: 15/19 MP: 2/4
  1031 | D:2      | Reached XP level 4. HP: 18/23 MP: 3/5
  1039 | D:2      | Found a bloodstained altar of Trog.
  1231 | D:2      | Noticed Jessica
  1238 | D:2      | Killed Jessica
  1254 | D:2      | Reached skill level 5 in Unarmed Combat
  1598 | D:3      | Reached XP level 5. HP: 10/27 MP: 4/6
  1675 | D:3      | Found an iron altar of Okawaru.
  1718 | D:3      | Reached skill level 5 in Stealth
  1883 | D:3      | Reached skill level 1 in Throwing
  2256 | D:4      | Noticed an ogre
  2263 | D:4      | Killed an ogre
  2263 | D:4      | Gained mutation: You heal very quickly. [Vine Stalker growth]
  2263 | D:4      | Reached XP level 6. HP: 17/32 MP: 4/7
  2816 | D:4      | Noticed kraktruk's ghost (amateur DECj)
  2894 | D:5      | Entered Level 5 of the Dungeon
  2966 | D:5      | Noticed a hippogriff
  2982 | D:5      | Killed a hippogriff
  2982 | D:5      | Reached skill level 6 in Stealth
  2982 | D:5      | Reached XP level 7. HP: 5/35 MP: 2/8
  3541 | D:5      | Got an ivory flail
  3542 | D:5      | Identified the cursed +2 flail "Usajuder" {crush, rF- rN++ Int+5} (You found it on level 5 of the Dungeon)
  3646 | D:5      | Reached skill level 7 in Stealth
  3735 | D:5      | Found a staircase to the Ecumenical Temple.
  3815 | Temple   | Entered the Ecumenical Temple
  4043 | D:5      | Gained mutation: You have razor-sharp teeth. [Vine Stalker growth]
  4043 | D:5      | Reached XP level 8. HP: 30/39 MP: 9/9
  4245 | D:6      | Found a shimmering altar of Xom.
  4397 | D:6      | Reached skill level 8 in Stealth
  4559 | D:4      | Found a shattered altar of Ashenzari.
  5152 | D:6      | HP: 1/39 [ogre/giant club (21)]
  5259 | D:6      | Found a radiant altar of Vehumet.
  5334 | D:6      | Reached skill level 5 in Throwing
  5519 | D:6      | Found a stormy altar of Qazlal.
  5617 | D:6      | Found a basalt altar of Yredelemnul.
  5669 | D:6      | Reached skill level 9 in Stealth
  5669 | D:6      | Reached XP level 9. HP: 34/43 MP: 6/10
  5913 | D:4      | Slain by kraktruk's ghost

Action                   |  1- 3 |  4- 6 |  7- 9 || total
-------------------------+-------+-------+-------++-------
Melee: Unarmed           |    89 |   168 |   204 ||   461
 Fire: Blowgun           |       |    16 |    30 ||    46
Throw: Javelin           |       |       |     8 ||     8
Evoke: Wand              |       |       |     2 ||     2
  Use: Scroll            |       |    13 |     6 ||    19
       Potion            |       |     1 |     1 ||     2
 Stab: Sleeping          |     9 |    14 |     4 ||    27
       Distracted        |       |       |     6 ||     6
  Eat: Chunk             |       |     6 |    10 ||    16
